 Dungeon Crawl Stone Soup version 0.31-a0-165-g3f4f80340b (webtiles) character file.

Game seed: 14904599093557825191

1099 qw the Chopper (level 8, -4/49 HPs)
             Began as a Gargoyle Fighter on June 13, 2023.
             Slain by a yak (8 damage)
             ... on level 5 of the Dungeon.
             The game lasted 00:01:59 (4300 turns).

qw the Chopper (Gargoyle Fighter)                   Turns: 4300, Time: 00:01:59

Health: -4/49      AC: 13    Str: 29    XL:     8   Next: 32%
Magic:  8/8        EV: 11    Int:  8    God:
Gold:   300        SH:  5    Dex: 15    Spells: 7/7 levels left

rFire   . . .        Y - +1 war axe
rCold   . . .        c - +0 buckler
rNeg    + . .        b - +0 scale mail
rPois   inf          a - +0 helmet
rElec   +            (no cloak)
rCorr   .            (no gloves)
SInv    .            (no boots)
Will    +....        (no amulet) Stlth
                     f - +6 ring of strength
HPRegen 0.28/turn    h - +6 ring of dexterity
MPRegen 0.11/turn

%: no passive effects
@: no status effects
A: sickness immunity, AC +5, negative energy resistance 1, electricity
resistance, torment resistance 1, petrification resistance, strong-willed 1
a: no special abilities


You were on level 5 of the Dungeon.
You visited 1 branch of the dungeon, and saw 5 of its levels.

You collected 300 gold pieces.


Innate Abilities, Weirdness & Mutations

You are immune to sickness and miasma.
Your stone body is resilient. (AC +5)
You are immune to poison.
You resist negative energy. (rN+)
You are resistant to electric shocks. (rElec)
You are resistant to unholy torment.
You are immune to petrification.
You are strong-willed. (Will+)


   Skills:
 - Level 5.1 Fighting
 + Level 7.6 Axes
 - Level 3.2 Armour
 - Level 2.5 Dodging
 - Level 3.2 Shields


You had 7 spell levels left.
You didn't know any spells.
Your spell library was empty.

Inventory:

Hand Weapons
 l - a +0 flail
 Y - a +1 war axe (weapon)
Armour
 a - a +0 helmet (worn)
 b - a +0 scale mail (worn)
 c - a +0 buckler (worn)
 i - a +0 pair of boots
 j - a +0 plate armour
Jewellery
 f - a +6 ring of strength (left hand)
 h - a +6 ring of dexterity (right hand)
Wands
 e - a wand of digging (4)
Scrolls
 g - 2 scrolls of identify
Potions
 d - a potion of might
 k - a potion of haste
 m - a potion of mutation

Dungeon Overview and Level Annotations

Branches:
Dungeon (5/15)
 Temple: D:4-7

Altars:
Trog
Zin

Annotations:
D:5 1 runed translucent door, qw's ghost, amateur NaHu


Message History

The yak is moderately wounded.
The yak closely misses you.
You hit the yak but do no damage.
The yak is moderately wounded.
The yak closely misses you.
You barely miss the yak.
The yak is moderately wounded.
You slash the yak! The yak gores you! The yak gores you but does no damage.
You slash the yak!
The yak is heavily wounded.
You barely miss the yak. The yak gores you but does no damage.
The yak gores you.
You closely miss the yak.
The yak is heavily wounded.
You hit the yak but do no damage. The yak completely misses you.
The yak gores you but does no damage.
You slash the yak!
The yak is severely wounded.
You barely miss the yak.
The yak gores you but does no damage. x2; The yak barely misses you.
The yak gores you!
You slash the yak!
You kill the yak!
You slash the yak! The yak gores you.
You hit the yak.
The yak is severely wounded.
You hit the yak. The yak gores you but does no damage. The yak misses you.
You barely miss the yak.
The yak is severely wounded.
You slash the yak! You block the yak's attack. The yak gores you!
You hit the yak.
The yak is severely wounded.
You closely miss the yak. The yak barely misses you. The yak gores you!
The yak gores you but does no damage. The yak gores you!
You die...

###. #... #.... #
..... .# #.....
.## #.....###.)
##.. #YYY.##
#..#####@..#.#
##....#.......#
#...#.#.....###
###...#....#.##
###........#.#.#
...............#
###........###.#
#.......#.# .###
#.#....#..###.#..


You could see 3 yaks.

Vanquished Creatures
  Sigmund (D:5)
  A yak (D:5)
  A water moccasin (D:5)
  An ogre (D:5)
  A phantom (D:5)
  2 hounds (D:5)
  A jelly (D:5)
  An orc priest (D:3)
  Ijyb (D:3)
  A sleepcap (D:4)
  2 iguanas (D:5)
  Natasha (thrice) (D:4)
  7 gnolls (D:3)
  6 adders
  A shadow imp (D:3)
  2 worms
  4 dart slugs
  9 orcs
  6 endoplasms
  2 giant cockroaches
  4 goblins
  12 hobgoblins
  6 jackals (D:4)
  5 kobolds
  4 quokkas
  4 ball pythons
  2 bats (D:1)
  7 frilled lizards
  5 rats
102 creatures vanquished.

Notes
Turn   | Place    | Note
-------+----------+-------------------------------------------
     0 | D:1      | qw the Gargoyle Fighter began the quest for the Orb.
     0 | D:1      | Reached XP level 1. HP: 14/14 MP: 1/1
     0 | D:1      | 0 ||| qw: Version: 0.2-a-29-gc1b59c4
     0 | D:1      | 0 ||| qw: Game counter: 4741
     0 | D:1      | 0 ||| qw: Always use a shield: true
     0 | D:1      | 0 ||| qw: God list: Okawaru
     0 | D:1      | 0 ||| qw: Allow faded altars: false
     0 | D:1      | 0 ||| qw: Do Orc after D:15 true
     0 | D:1      | 0 ||| qw: Do second Lair branch before Depths: true
     0 | D:1      | 0 ||| qw: Lair rune preference: random
     0 | D:1      | 0 ||| qw: Plans: Normal, Zot:1-4, Slime:5, God:TSO, Crypt,
                  | Tomb, Abyss, Pan, Hells, Win
     0 | D:1      | 0 ||| PLANNING D:1-11
   112 | D:1      | Reached skill level 2 in Axes
   170 | D:1      | 170 ||| Stepping ~*~*~tactically~*~*~ (stealth).
   229 | D:1      | 229 ||| Stepping ~*~*~tactically~*~*~ (stealth).
   236 | D:1      | Reached XP level 2. HP: 19/19 MP: 2/2
   670 | D:1      | Reached skill level 3 in Axes
   671 | D:1      | Found a faded altar of an unknown god.
   744 | D:1      | Reached XP level 3. HP: 22/23 MP: 3/3
   873 | D:1      | 873 ||| READING scroll labelled MEOM JOHYDOUNI.
   874 | D:1      | 874 ||| READING scroll labelled KAMNEM DEER.
   877 | D:1      | 877 ||| READING scroll labelled NEHEUTUBBI.
   878 | D:1      | 878 ||| READING scroll labelled GIFETUG WEAS.
   879 | D:1      | 879 ||| READING scroll labelled PIECSALITIN.
   880 | D:1      | 880 ||| READING scroll labelled QEEFRIME ZEMN.
   881 | D:1      | 881 ||| DROPPING scroll of immolation.
  1552 | D:2      | 1552 ||| UPGRADING to +6 ring of strength.
  1553 | D:2      | 1553 ||| UPGRADING to +6 ring of dexterity.
  1554 | D:2      | 1554 ||| READING 2 scrolls labelled XOAGIE FIZELU.
  1555 | D:2      | 1555 ||| DROPPING scroll of fear.
  1613 | D:3      | Reached skill level 1 in Dodging
  1621 | D:3      | Reached XP level 4. HP: 28/28 MP: 4/4
  1634 | D:3      | 1634 ||| Stepping ~*~*~tactically~*~*~ (stealth).
  1669 | D:3      | Reached skill level 4 in Axes
  1677 | D:3      | 1677 ||| DROPPING +0 mace.
  1942 | D:3      | 1942 ||| Stepping ~*~*~tactically~*~*~ (hiding).
  1951 | D:3      | Reached XP level 5. HP: 31/32 MP: 5/5
  2031 | D:3      | Found a glowing silver altar of Zin.
  2216 | D:3      | Reached skill level 5 in Axes
  2250 | D:3      | Noticed Ijyb
  2251 | D:3      | 2251 ||| Stepping ~*~*~tactically~*~*~ (hiding).
  2257 | D:3      | HP: 8/32 [+4 spectral club[Ijyb] (5)]
  2259 | D:3      | 2259 ||| READING scroll of teleportation.
  2471 | D:3      | 2471 ||| Stepping ~*~*~tactically~*~*~ (hiding).
  2530 | D:3      | 2530 ||| Stepping ~*~*~tactically~*~*~ (stealth).
  2533 | D:3      | 2533 ||| Stepping ~*~*~tactically~*~*~ (hiding).
  2541 | D:3      | Killed Ijyb
  2542 | D:3      | Reached XP level 6. HP: 20/38 MP: 6/6
  2767 | D:3      | 2767 ||| Stepping ~*~*~tactically~*~*~ (hiding).
  2767 | D:3      | Found a bloodstained altar of Trog.
  2950 | D:3      | 2950 ||| DROPPING amulet of magic regeneration.
  2951 | D:3      | 2951 ||| READING scroll labelled LOLUMA TIKO.
  2952 | D:3      | 2952 ||| READING scroll labelled ADANTO LIMATHE.
  2953 | D:3      | 2953 ||| READING scroll labelled IRAGAL FOCY.
  2954 | D:3      | 2954 ||| DRINKING 2 pink potions.
  2954 | D:3      | Gained mutation: You are strong-willed. (Will+) [potion of
                  | mutation]
  3222 | D:4      | Noticed Natasha
  3225 | D:4      | Killed Natasha
  3282 | D:4      | 3282 ||| Stepping ~*~*~tactically~*~*~ (stealth).
  3421 | D:4      | Noticed Natasha
  3422 | D:4      | 3422 ||| Stepping ~*~*~tactically~*~*~ (hiding).
  3426 | D:4      | Killed Natasha
  3627 | D:4      | Noticed Natasha
  3634 | D:4      | Killed Natasha
  3853 | D:4      | 3853 ||| UPGRADING to +0 helmet.
  3858 | D:4      | 3858 ||| DRINKING 2 fuming dark potions.
  3859 | D:4      | 3859 ||| READING 2 scrolls of identify.
  3859 | D:4      | 3859 ||| IDENTIFYING orange potion
  3860 | D:4      | 3860 ||| DROPPING potion of enlightenment.
  3912 | D:5      | Entered Level 5 of the Dungeon
  3931 | D:5      | Noticed Sigmund
  3932 | D:5      | 3932 ||| Stepping ~*~*~tactically~*~*~ (hiding).
  3946 | D:5      | 3946 ||| DRINKING potion of curing.
  3946 | D:5      | 3946 ||| (to cure confusion)
  3947 | D:5      | Killed Sigmund
  3948 | D:5      | Reached skill level 6 in Axes
  3948 | D:5      | Reached XP level 7. HP: 43/43 MP: 7/7
  3996 | D:5      | Reached skill level 7 in Axes
  4029 | D:5      | Found a runed translucent door.
  4029 | D:5      | Noticed qw's ghost (amateur NaHu)
  4112 | D:5      | 4112 ||| Stepping ~*~*~tactically~*~*~ (stealth).
  4113 | D:5      | 4113 ||| Stepping ~*~*~tactically~*~*~ (stealth).
  4135 | D:5      | Reached XP level 8. HP: 47/49 MP: 8/8
  4284 | D:5      | Noticed a yak
  4285 | D:5      | Noticed a yak
  4286 | D:5      | 4286 ||| Stepping ~*~*~tactically~*~*~ (stealth).
  4287 | D:5      | Noticed a yak
  4288 | D:5      | Noticed a yak
  4297 | D:5      | Killed a yak
  4300 | D:5      | HP: 4/49 [yak (9)]
  4300 | D:5      | Slain by a yak

Levels and vault maps discovered:
D:1:      minmay_arrival_plants_in_alcoves, layout_loops_corners,
          hellmonk_ecumenical_altar_blasted
D:2:      layout_basic, kennysheep_generic_room_6
D:3:      layout_loops_ring, trog_butcher_becter, zin_statuary,
          roderic_serpentine_path, minmay_tree_intersection,
          grunt_ministairs_12, kennysheep_path_1, nicolae_half_adder, uniq_ijyb
D:4:      layout_gridville, kennysheep_big_empty_room,
          kennysheep_cross_bottleneck, uniq_natasha
D:5:      layout_loops_ring, chequers_temple_overflow_statue_of_worship,
          hellmonk_ghost_happy_afterlife, hangedman_abyss_or_decor_stagger,
          uniq_sigmund

Skill      XL: |  1  2  3  4  5  6  7  8 |
---------------+-------------------------+-----
Axes           | 2 3 4 5 6 7 |  7.6
Dodging        | 1 2 |  2.5
Fighting       | 4 5 |  5.1
Armour         | |  3.2
Shields        | |  3.2

Action                     |  1- 3 |  4- 6 |  7- 9 || total
---------------------------+-------+-------+-------++-------
  Melee: War axe           |    85 |   169 |    49 ||   303
    Use: Scroll            |     7 |     5 |       ||    12
         Potion            |       |     3 |       ||     3
 Armour: Scale mail        |    28 |    58 |    18 ||   104
  Dodge: Dodged            |    34 |    64 |    21 ||   119
  Block: Buckler           |    14 |    45 |     8 ||    67

Table legend:
 A = Non-vault XP
 B = Vault XP
 C = Vault XP percentage of total XP
 D = Non-vault monster count
 E = Vault monster count
 F = Vault count percentage of total count
                 A         B        C        D         E       F
            +---------+---------+-------+---------+---------+-------
      Total |    1214 |     356 |  22.7 |      88 |      14 |  13.7
            +---------+---------+-------+---------+---------+-------
        D:1 |      38 |       0 |   0.0 |      22 |       0 |   0.0
        D:2 |      13 |       2 |  13.3 |       4 |       2 |  33.3
        D:3 |     219 |      90 |  29.1 |      31 |      10 |  24.4
        D:4 |     162 |      33 |  16.9 |      22 |       1 |   4.3
        D:5 |     782 |     231 |  22.8 |       9 |       1 |  10.0
            +---------+---------+-------+---------+---------+-------
